 Dungeon Crawl Stone Soup version 0.28-a0-983-g1de4e0787c (webtiles) character file.

Game seed: 244289055153233638

131 GregHouse the Chopper (level 5, 0/46 (47) HPs)
             Began as a Hill Orc Monk on Dec 3, 2021.
             Slain by a lemure (5 damage)
             ... led by Pikel
             ... on level 3 of the Dungeon.
             The game lasted 00:16:33 (3633 turns).

GregHouse the Chopper (Hill Orc Monk)               Turns: 3633, Time: 00:16:34

HP:   0/46 (47)     AC:  6    Str: 16    XL:     5   Next: 14%
MP:   5/5           EV: 14    Int: 10    God:
Gold: 149           SH:  5    Dex: 13    Spells: 4/4 levels left

rFire   + . .      SeeInvis .   u - +0 falchion (drain)
rCold   + . .      Faith    .   (no shield)
rNeg    . . .      Spirit   .   c - +0 scale mail
rPois   .          Reflect  +   (no helmet)
rElec   .          Harm     .   o - scarf {rC+ rF+}
rCorr   .          Rampage  .   (no gloves)
Will    .....                   (no boots)
Stlth   ..........              l - amulet of reflection
HPRegen 0.15/turn               p - +4 ring of evasion
MPRegen 0.09/turn               (no ring)

@: lightly drained
A: no striking features
a: no special abilities


You were on level 3 of the Dungeon.
You visited 1 branch of the dungeon, and saw 4 of its levels.

You collected 149 gold pieces.

Inventory:

Hand Weapons
 a - a +0 hand axe
 u - a +0 falchion of draining (weapon)
Missiles
 i - 115 stones (quivered)
Armour
 c - a +0 scale mail (worn)
 o - a scarf of resistance (worn)
 r - a +0 cloak
Magical Staves
 m - a staff of conjuration
Jewellery
 j - an amulet of magic regeneration
 l - an amulet of reflection (around neck)
 p - a +4 ring of evasion (left hand)
Scrolls
 d - a scroll of enchant weapon {unknown}
 e - a scroll of vulnerability
 g - 2 scrolls of immolation
Potions
 b - a potion of mutation
 h - a potion of lignification
 k - 3 potions of curing
 s - a potion of haste {unknown}


   Skills:
 + Level 4.7 Fighting
 + Level 5.7 Axes
 + Level 2.2 Armour
 - Level 2.4 Dodging
 + Level 1.7 Stealth
 + Level 0.3 Shields


You had 4 spell levels left.
You didn't know any spells.
Your spell library contained the following spells:

 Spells                   Type           Power      Damage    Failure   Level
 Blink                    Tloc           0%         N/A       91%         2
 Corpse Rot               Necr/Air       0%         N/A       91%         2
 Poisonous Vapours        Pois/Air       0%         N/A       91%         2
 Lesser Beckoning         Tloc           0%         N/A       99%         3
 Manifold Assault         Tloc           0%         N/A       100%        5


Dungeon Overview and Level Annotations

Branches:
Dungeon (4/15)
 Temple: D:4-7

Altars:
Cheibriados
Gozag

Annotations:
D:3 exclusion: downstairs, Menkaure, Pikel


Message History

You barely miss the hound. You block the hound's attack. The lemure hits you.
* * * LOW HITPOINT WARNING * * *
As you read the scroll of fear, it crumbles to dust.
You assume a fearsome visage.
The hound looks frightened!
The lemure looks frightened!
There are monsters nearby!
You start resting.
A lemure is nearby!
A lemure is nearby!
Okay, then.
As you read the scroll of identify, it crumbles to dust.
b - a potion of mutation
As you read the scroll of identify, it crumbles to dust.
h - a potion of lignification
Okay, then.
Okay, then.
Unknown command.
You sense an unholy aura.
u - a +0 falchion of draining (weapon)
As you read the scroll labelled NOUSKOSUGH, it crumbles to dust.
You hear a loud clanging noise!
It was a scroll of noise.
You hear a bark!
You hear an angry hiss.
You slash the lemure!
The lemure is heavily wounded.
The lemure closely misses you.
You hit the lemure.
The lemure is severely wounded.
The lemure closely misses you. The lemure hits you.
* * * LOW HITPOINT WARNING * * *
You hit the lemure.
The lemure is severely wounded.
The lemure completely misses you.
You hit the lemure.
The lemure is almost dead.
The lemure closely misses you.
You closely miss the lemure.
The lemure is almost dead.
The lemure hits you.
You die...

####### ##.....##
#.....@.# #.....5.#
#############
#.......###.....5......
#.......##.........####
#.......###>...........
#.......###..........##
#.........#...........#
###....................
#......................


You could see a lemure.

Vanquished Creatures
  3 adders (D:3)
  A worm (D:3)
  5 orcs
  8 ball pythons
  8 endoplasms
  5 giant cockroaches
  5 hobgoblins
  14 jackals
  7 kobolds
  6 quokkas
  5 bats
  4 frilled lizards
  7 goblins
  3 rats
81 creatures vanquished.

Vanquished Creatures (others)
  10 plants (D:1)
  3 withered plants (D:1)
13 creatures vanquished.

Grand Total: 94 creatures vanquished

Notes
Turn   | Place    | Note
-------+----------+-------------------------------------------
     0 | D:1      | GregHouse the Hill Orc Monk began the quest for the Orb.
     0 | D:1      | Reached XP level 1. HP: 19/19 MP: 1/1
   444 | D:1      | Reached XP level 2. HP: 27/27 MP: 2/2
   839 | D:1      | Reached XP level 3. HP: 29/33 MP: 3/3
   982 | D:1      | Reached skill level 5 in Axes
  1167 | D:1      | Found a faded altar of an unknown god.
  1576 | D:2      | Reached skill level 1 in Armour
  1576 | D:2      | Reached XP level 4. HP: 40/41 MP: 4/4
  2000 | D:4      | Noticed a lemure
  2000 | D:4      | Noticed a lemure
  2001 | D:4      | Noticed a lemure
  2001 | D:4      | Noticed Pikel
  2469 | D:3      | Found an opulent altar of Gozag.
  2480 | D:3      | Reached XP level 5. HP: 47/47 MP: 5/5
  2572 | D:4      | Noticed Menkaure
  2601 | D:4      | HP: 2/46 [frozen (2)]
  2806 | D:4      | Noticed a lemure
  2810 | D:4      | Found a snail-covered altar of Cheibriados.
  3633 | D:3      | Slain by a lemure

Illustrated notes

Levels and vault maps discovered:
D:1:      dpeg_arrival_windows_large_door, layout_rooms,
          shapermc_ecumenical_altar_flowoftime, minmay_misc_feat_iff,
          st_stairs_10
D:2:      layout_rooms
D:3:      layout_basic, mainiacjoe_overflow_cross_hatched,
          minmay_misc_feat_nine_boxes, minmay_joined_circles
D:4:      layout_cave_pools, cheibriados_altar_1, columned_hall_lemuel,
          uniq_menkaure, uniq_ijyb, uniq_pikel

Skill      XL: |  1  2  3  4 |
---------------+-------------+-----
Fighting       | 4 |  4.7
Axes           | 5 |  5.7
Armour         | 1 2 |  2.2
Dodging        | |  2.4
Stealth        | |  1.7
Shields        | |  0.3

Action                   |  1- 3 |  4- 6 || total
-------------------------+-------+-------++-------
Melee: Hand axe          |   165 |   182 ||   347
       Falchion          |       |     5 ||     5
  Use: Scroll            |       |    12 ||    12
Armor: Robe              |     5 |       ||     5
       Scale mail        |    35 |    49 ||    84
Dodge: Dodged            |    89 |   118 ||   207
Block: Other             |     6 |    38 ||    44

Table legend: (Time is in decaauts)
 A = Elapsed time spent in this place.
 B = Non-inter-level travel time spent in this place.
 C = Inter-level travel time spent in this place.
 D = Time resting spent in this place.
 E = Time spent auto-exploring this place.
 F = Levels seen in this place.
 G = Mean time per level.
                   A        B        C        D        E       F      G
               +--------+--------+--------+--------+--------+-----+--------+
         Total |   3657 |   3581 |     76 |   1056 |    861 |   4 |  914.2 |
       Dungeon |   3657 |   3581 |     76 |   1056 |    861 |   4 |  914.2 |
               +--------+--------+--------+--------+--------+-----+--------+

Top non-repeatable levels by time:
     D:1: 1298 daAuts
     D:3: 1194 daAuts
     D:2: 819 daAuts
     D:4: 344 daAuts
